 Dungeon Crawl Stone Soup version 0.28.0-53-g5a82cb258f (webtiles) character file.

Game seed: 10251468817169415080

34452 selky the Fencer (level 13, -7/178 HPs)
             Began as a Minotaur Berserker on July 7, 2022.
             Was a High Priest of Trog.
             Mangled by an orc warrior
             ... wielding a +0 scimitar
              (13 damage)
             ... on level 2 of the Orcish Mines.
             The game lasted 00:19:14 (18918 turns).

selky the Fencer (Minotaur Berserker)              Turns: 18918, Time: 00:19:15

Health: -7/178     AC: 21    Str: 27    XL:     13   Next: 42%
Magic:  12/12      EV: 12    Int: 16    God:    Trog [*****.]
Gold:   1192       SH:  5    Dex: 14    Spells: 12/12 levels left

rFire   x . .      SeeInvis .   C - +11 plutonium sword {Contam Stlth-}
rCold   . . .      Faith    .   (shield currently unavailable)
rNeg    + . .      Spirit   .   G - +1 plate armour of Kleptomania {Int+4 Dex+2}
rPois   .          Reflect  +   (helmet restricted)
rElec   +          Harm     .   n - +0 cloak
rCorr   .          Rampage  .   H - +0 pair of gloves {hurl}
Will    .....                   s - +2 pair of boots
Stlth   ..........              M - amulet "Yfeguj" {Reflect rElec rF- rN+ SH+5}
HPRegen 0.39/turn               g - +6 ring of intelligence
MPRegen 0.13/turn               z - +4 ring of evasion

@: berserking, spiked, very quick
A: horns 2, retaliatory headbutt, clever 1, strong 1
a: Renounce Religion, Berserk, Trog's Hand, Brothers in Arms


You were on level 2 of the Orcish Mines.
You worshipped Trog.
Trog was extremely pleased with you.
You visited 2 branches of the dungeon, and saw 14 of its levels.
You also visited: Bailey.

You collected 1517 gold pieces.
You spent 325 gold pieces at shops.

Inventory:

Hand Weapons
 a - a +0 hand axe
 p - a +1 whip of freezing
 t - a +1 war axe of electrocution
 B - a +0 triple sword of holy wrath
 C - the +11 plutonium sword (weapon) {Contam Stlth-}
   (You found it in a bailey)

   It occasionally inflicts wild transmutation effects on those it strikes,
   inflicting malmutation or extra damage, or polymorphing them into a new form.
   Contam:    It causes magical contamination when unequipped.
   Stlth:     It makes you less stealthy.
 L - a +0 demon blade
 S - a +4 scimitar of flaming
Armour
 b - a +0 animal skin
 i - a +0 scale mail
 n - a +0 cloak (worn)
 s - a +2 pair of boots (worn)
 G - the +1 plate armour of Kleptomania (worn) {Int+4 Dex+2}
   (You took it off an orc warrior on level 7 of the Dungeon)

   Int:       It affects your intelligence (+4).
   Dex:       It affects your dexterity (+2).
 H - a +0 pair of gloves of hurling (worn)
Jewellery
 g - a +6 ring of intelligence (left hand)
 l - a +6 ring of intelligence
 z - a +4 ring of evasion (right hand)
 J - a ring of ice
 M - the amulet "Yfeguj" (around neck) {Reflect rElec rF- rN+ SH+5}
   (You found it on level 8 of the Dungeon)

   [amulet of reflection]

   It reflects blocked missile attacks.
   rF:        It makes you vulnerable to fire.
   rElec:     It insulates you from electricity.
   rN:        It protects you from negative energy.
   SH:        It affects your SH (+5).
 Q - a ring of positive energy
Wands
 h - a wand of paralysis (8)
 j - a wand of mindburst (23)
 u - a wand of iceblast (20)
 I - a wand of flame (16)
Scrolls
 c - 3 scrolls of summoning
 o - 4 scrolls of teleportation
 r - 3 scrolls of noise
 x - 2 scrolls of vulnerability
 y - 2 scrolls of immolation
 D - a scroll of enchant armour {unknown}
 E - 2 scrolls of magic mapping
 F - 5 scrolls of enchant weapon
 K - a scroll of blinking
 O - 3 scrolls of identify
 T - a scroll of fog
 U - a scroll of silence
 V - a scroll of fear
Potions
 d - a potion of berserk rage {unknown}
 e - 2 potions of mutation
 f - 4 potions of curing {unknown}
 k - a potion of lignification {unknown}
 m - 2 potions of heal wounds {unknown}
 q - a potion of resistance {unknown}
 v - a potion of magic {unknown}
 w - a potion of ambrosia {unknown}
 A - a potion of might {unknown}
 N - 3 potions of attraction {unknown}
 P - 2 potions of haste {unknown}
 R - a potion of cancellation {unknown}


   Skills:
 + Level 12.3 Fighting
 * Level 17.3 Long Blades
 - Level 16.0 Axes
 - Level 9.1 Armour
 - Level 2.1 Dodging


You had 12 spell levels left.
You didn't know any spells.
Your spell library was empty.

Dungeon Overview and Level Annotations

Branches:
Dungeon (12/15)            Temple (0/1) D:7            Lair (0/6) D:9
    Orc (2/2) D:11         Bailey (visited)
    Elf: Orc:2

Altars:
Cheibriados
Dithmenos
Fedhas
Gozag
Makhleb
Nemelex Xobeh
Sif Muna
The Shining One
Beogh

Shops:
D:8 *   D:12 *   Orc:1 ?   Orc:2 (*[


Innate Abilities, Weirdness & Mutations

You have a pair of horns on your head.
You reflexively headbutt those who attack you in melee.
Your mind is acute. (Int +2)
Your muscles are strong. (Str +2)


Message History

The troll closely misses you.
The orc high priest hits you with a +0 scimitar.
* * * LOW HITPOINT WARNING * * *
The sun demon hits you!
* * * LOW HITPOINT WARNING * * *
You are engulfed in flames!!
The fire burns you terribly!
* * * LOW HITPOINT WARNING * * *
You block the orc warrior's attack.
Unknown command.
You are too berserk!
You are too berserk!
You completely miss the orc high priest.
The orc high priest is lightly wounded.
The orange demon stings you but does no damage.
The sun demon hits you but does no damage.
You slice the orc high priest!! You headbutt the orc high priest!
The orc high priest is almost dead.
The orc high priest hits you with a +0 scimitar.
* * * LOW HITPOINT WARNING * * *
The troll misses you. The troll barely misses you. The troll misses you.
You block the orc warrior's attack.
The orange demon stings you but does no damage.
You barely miss the orc high priest. You headbutt the orc high priest.
You feel the power of Trog in you as your rage grows.
You kill the orc high priest!
Trog accepts your kill.
The sun demon disappears in a puff of smoke!
An orc comes into view. It is wielding a +0 mace.
The orc warlord roars a battlecry!
The orc goes into a battle-frenzy!
The troll misses you. The troll claws you but does no damage.
The troll closely misses you.
The orc shouts!
Unknown command.
You cut the troll into ribbons!!!
You feel the power of Trog in you as your rage grows.
You kill the troll!
Trog accepts your kill.
The orc warrior hits you with a +0 scimitar!
You die...

.. ... .........#.#. .o.
... .............. ...#
.. .....#......... .o#..
.........P..... . .o#..
....$.......P.. ..
#.o$#...........8... ...
#o#................ ....
#oo...$.........∩. .P...
##@44......#.......
P.....#).)...............
#..........##.##.P.....
##..#.#.....###..P...))
####.##.#....P........
...##......P.......
##.#.#..............
##........P.P....##
#....P..........# #


You could see an orc warlord, an orange demon (summoned), a chaos spawn
(summoned), an orc sorcerer (strong), 4 orc warriors and an orc (strong).

Vanquished Creatures
  An orc warlord (Orc:1)
  A fire dragon (D:11)
  A hydra (D:11)
  3 boulder beetles
  A catoblepas (D:11)
  A centaur warrior (D:9)
  Erica (D:11)
  3 two-headed ogres
  5 orc high priests (Orc:2)
  4 orc knights
  Pikel (D:5)
  A deep elf pyromancer (D:12)
  The ghost of DocClef the Basher, a novice MiMo of Okawaru (D:7)
  4 orc sorcerers (Orc:2)
  4 ugly things
  A manticore (D:11)
  2 cyclopes (D:12)
  6 centaur zombies
  Maurice (D:8)
  3 gargoyles
  9 trolls
  3 wraiths
  A vampire (D:11)
  A hog (Orc:1)
  13 yaks
  Menkaure (D:4)
  4 wargs
  A water moccasin (D:7)
  2 acid dragons (D:9)
  Duvessa (D:4)
  An ice beast (D:7)
  2 sky beasts
  8 ogres
  32 orc warriors
  2 necrophages
  A boggart (Orc:1)
  3 wolves (D:9)
  5 centaurs
  Blork the orc (D:5)
  A kobold brigand (D:6)
  5 bullfrogs
  2 gnoll sergeants
  6 scorpions
  A water moccasin zombie (D:7)
  A wyvern zombie (D:8)
  Dowan (D:4)
  8 wights (D:8)
  9 killer bees
  A vampire bat (D:3)
  4 electric eels
  A howler monkey (Orc:1)
  A bullfrog zombie (D:7)
  6 hounds
  11 orc priests
  3 jellies
  2 gnoll shamans
  Jessica (D:2)
  4 iguanas
  Natasha (thrice) (D:2)
  9 orc wizards
  A killer bee zombie (D:6)
  2 hound skeletons (D:5)
  A howler monkey zombie (D:9)
  5 adders
  14 gnolls
  3 worms
  3 dart slugs
  64 orcs
  7 endoplasms
  6 giant cockroaches
  16 goblins
  12 hobgoblins
  7 jackals (D:1)
  7 quokkas
  7 ball pythons
  13 bats
  5 frilled lizards
  6 kobolds
  6 rats
401 creatures vanquished.

Vanquished Creatures (collateral kills)
  A boulder beetle (D:11)
1 creature vanquished.

Vanquished Creatures (others)
  An orc (D:11)
  9 fungi
  3 plants (D:1)
13 creatures vanquished.

Grand Total: 415 creatures vanquished

Notes
Turn   | Place    | Note
-------+----------+-------------------------------------------
     0 | D:1      | selky the Minotaur Berserker began the quest for the Orb.
     0 | D:1      | Reached XP level 1. HP: 19/19 MP: 0/0
   148 | D:1      | Reached XP level 2. HP: 19/26 MP: 1/1
   616 | D:1      | Reached skill level 5 in Axes
   659 | D:1      | Reached XP level 3. HP: 26/31 MP: 2/2
  1104 | D:1      | Reached ** piety under Trog
  1118 | D:1      | Found a faded altar of an unknown god.
  1838 | D:2      | Noticed Jessica
  1843 | D:2      | Killed Jessica
  1844 | D:2      | Reached XP level 4. HP: 39/39 MP: 3/3
  1909 | D:2      | Noticed Natasha
  1917 | D:2      | Killed Natasha
  1923 | D:2      | Noticed Natasha
  1926 | D:2      | Killed Natasha
  1927 | D:2      | Reached XP level 5. HP: 19/45 MP: 4/4
  2126 | D:2      | Noticed Natasha
  2134 | D:2      | Killed Natasha
  2939 | D:3      | Reached *** piety under Trog
  3312 | D:3      | Found an opulent altar of Gozag.
  3312 | D:3      | Found a shadowy altar of Dithmenos.
  3440 | D:3      | Found a snail-covered altar of Cheibriados.
  3607 | D:3      | Reached XP level 6. HP: 50/51 MP: 5/5
  4221 | D:4      | Noticed Menkaure
  4234 | D:4      | Killed Menkaure
  4235 | D:4      | Reached XP level 7. HP: 57/57 MP: 6/6
  4379 | D:4      | Reached skill level 10 in Axes
  4809 | D:4      | Noticed Duvessa
  4809 | D:4      | Noticed Dowan
  4818 | D:4      | Killed Duvessa
  4825 | D:4      | Killed Dowan
  4952 | D:4      | Reached XP level 8. HP: 64/64 MP: 7/7
  5190 | D:4      | Gained mutation: Your muscles are strong. (Str +2) [potion
                  | of mutation]
  5190 | D:4      | Gained mutation: Your mind is acute. (Int +2) [potion of
                  | mutation]
  5228 | D:5      | Entered Level 5 of the Dungeon
  5464 | D:5      | Noticed Blork the orc
  5472 | D:5      | Killed Blork the orc
  5912 | D:5      | Noticed Pikel
  5921 | D:5      | Killed Pikel
  6222 | D:5      | Reached XP level 9. HP: 42/70 MP: 8/8
  6866 | D:6      | Reached skill level 15 in Axes
  7077 | D:6      | Found a glowing golden altar of the Shining One.
  7122 | D:6      | Reached **** piety under Trog
  7640 | D:7      | Found a runed translucent gate.
  7640 | D:7      | Found a runed translucent gate.
  7763 | D:7      | Reached skill level 5 in Fighting
  7928 | D:7      | Found a staircase to the Ecumenical Temple.
  8231 | D:7      | Noticed DocClef's ghost (novice MiMo)
  8232 | D:7      | Identified the +1 plate armour of Kleptomania {Int+4 Dex+2}
  8233 | D:7      | Found a runed translucent gate.
  8388 | D:7      | Reached XP level 10. HP: 83/83 MP: 9/9
  8398 | D:7      | Killed DocClef's ghost
  8399 | D:7      | Reached skill level 5 in Armour
  8465 | D:8      | Noticed Maurice
  8476 | D:8      | Killed Maurice
  8687 | D:8      | Noticed a gargoyle
  8694 | D:8      | Killed a gargoyle
  8952 | D:8      | Found Wenill's General Store.
  8957 | D:8      | Bought a scroll of blinking for 120 gold pieces
  9127 | D:8      | Found a sand-covered staircase.
  9220 | D:8      | Found a sparkling altar of Nemelex Xobeh.
  9274 | D:8      | Identified the amulet "Yfeguj" {Reflect rElec rF- rN+ SH+5}
  9606 | D:9      | Reached skill level 10 in Fighting
  9760 | D:9      | Found a staircase to the Lair.
 10068 | D:9      | Found a shimmering blue altar of Sif Muna.
 10165 | D:9      | Noticed a centaur warrior
 10172 | D:9      | Killed a centaur warrior
 10271 | D:9      | Reached XP level 11. HP: 101/101 MP: 10/10
 10906 | D:10     | Entered Level 10 of the Dungeon
 11087 | D:10     | Noticed a two-headed ogre
 11093 | D:10     | Killed a two-headed ogre
 11098 | D:10     | Found a flagged portal.
 11106 | Bailey   | Entered a bailey
 11317 | Bailey   | Reached ***** piety under Trog
 11471 | Bailey   | Found the +11 plutonium sword {Contam Stlth-}
 11471 | Bailey   | Noticed an orc knight
 11482 | Bailey   | Killed an orc knight
 11681 | D:10     | Reached skill level 2 in Long Blades
 11989 | D:10     | Reached skill level 3 in Long Blades
 12282 | D:10     | Reached skill level 4 in Long Blades
 12430 | D:11     | Noticed an eight-headed hydra
 12441 | D:11     | Killed an eight-headed hydra
 12442 | D:11     | Reached skill level 5 in Long Blades
 12546 | D:11     | Reached skill level 6 in Long Blades
 12556 | D:11     | Found a blossoming altar of Fedhas.
 12559 | D:11     | Noticed a boulder beetle
 12573 | D:11     | Killed a boulder beetle
 12574 | D:11     | Reached skill level 7 in Long Blades
 12704 | D:11     | Noticed a brown ugly thing
 12715 | D:11     | Noticed a fire dragon
 12723 | D:11     | Killed a brown ugly thing
 12724 | D:11     | Reached skill level 8 in Long Blades
 13060 | D:11     | Reached skill level 9 in Long Blades
 13133 | D:11     | Noticed a sea snake
 13134 | D:11     | Noticed a sea snake
 13207 | D:11     | Noticed Erica
 13225 | D:11     | Killed Erica
 13407 | D:11     | Found a staircase to the Orcish Mines.
 13409 | D:11     | Noticed a catoblepas
 13693 | D:11     | Killed a fire dragon
 13694 | D:11     | Reached skill level 10 in Long Blades
 13694 | D:11     | Reached XP level 12. HP: 91/112 MP: 11/11
 13899 | D:11     | Killed a catoblepas
 14454 | D:11     | Noticed a boulder beetle
 14470 | D:11     | Reached skill level 11 in Long Blades
 14477 | D:11     | Killed a boulder beetle
 14986 | D:12     | Noticed a boulder beetle
 15008 | D:12     | Reached skill level 12 in Long Blades
 15014 | D:12     | Killed a boulder beetle
 15054 | D:12     | Noticed a boulder beetle
 15071 | D:12     | Killed a boulder beetle
 15072 | D:12     | Reached skill level 13 in Long Blades
 15414 | D:12     | Noticed a two-headed ogre
 15421 | D:12     | Killed a two-headed ogre
 15422 | D:12     | Reached skill level 14 in Long Blades
 15604 | D:12     | Found Namu's Assorted Antiques.
 15670 | D:12     | Noticed a two-headed ogre
 15679 | D:12     | Killed a two-headed ogre
 16029 | Orc:1    | Entered Level 1 of the Orcish Mines
 16030 | Orc:1    | Found Namu's Magic Scroll Shop.
 16039 | Orc:1    | Bought a scroll of teleportation for 30 gold pieces
 16039 | Orc:1    | Bought a scroll of silence for 75 gold pieces
 16039 | Orc:1    | Bought a scroll of teleportation for 30 gold pieces
 16039 | Orc:1    | Bought a scroll of magic mapping for 35 gold pieces
 16039 | Orc:1    | Bought a scroll of fear for 35 gold pieces
 16331 | Orc:1    | Reached skill level 15 in Long Blades
 16947 | Orc:2    | Entered Level 2 of the Orcish Mines
 17374 | Orc:2    | Reached XP level 13. HP: 104/118 MP: 12/12
 17409 | Orc:2    | Found Hobbeh's Antique Armour Shoppe.
 17495 | Orc:2    | Found Qirut's General Store.
 18048 | Orc:1    | Reached skill level 16 in Long Blades
 18059 | Orc:2    | Noticed an orc warlord
 18371 | Orc:2    | Found a burning altar of Makhleb.
 18609 | Orc:1    | Killed an orc warlord
 18770 | Orc:2    | Reached skill level 17 in Long Blades
 18874 | Orc:2    | Found Ycekoa's Antique Weapon Emporium.
 18910 | Orc:2    | Noticed an orc warlord
 18914 | Orc:2    | HP: 6/178 [sun demon[an orc high priest] (24)]
 18918 | Orc:2    | Mangled by an orc warrior

Illustrated notes

Levels and vault maps discovered:
D:1:      kennysheep_arrival_seaside, layout_basic,
          shapermc_ecumenical_altar_acropolis, minivault_5
D:2:      layout_basic, uniq_jessica, uniq_natasha
D:3:      kennysheep_the_goblin_king, layout_loops_ring, chei_slow_surprise,
          gammafunk_temple_overflow_pools, wad_floor_pattern_2,
          minmay_misc_feat_roman, roderic_batcave, eino_tiny_chamber
D:4:      layout_rooms, uniq_duvessa, uniq_menkaure, uniq_grinder
D:5:      layout_loops_ring, serial_park_tiny_1, uniq_blork_the_orc, uniq_pikel
D:6:      layout_basic, lemuel_doored_altar
D:7:      layout_rooms, minmay_temple_entry_grid, biasface_ghost_orc_armoury,
          kennysheep_generic_room_2
D:8:      layout_loops_cross, mainiacjoe_overflow_alcove_1,
          lightli_ossuary_entry_decrepit_ruins, serial_shops, shop_fountains,
          st_stairs_6, uniq_maurice
D:9:      layout_grid_maze, led_sif_book, erik_lair_island
D:10:     layout_loops_corners, enter_bailey_3
D:11:     layout_loops_ring, minmay_orc_entry_temple_small, serial_aquarium,
          aquarium_bridge_long_joined [aquarium_subvault_bridge,
          aquarium_subvault_bridge, aquarium_subvault_bridge,
          aquarium_subvault_wall, aquarium_subvault_window,
          aquarium_subvault_balcony], aquarium_window_1, aquarium_window_fake,
          aquarium_window_fake, aquarium_view_2d, aquarium_view_2e,
          fedhas_altar_2, uniq_erica
D:12:     layout_rooms, serial_shops, shop
Orc:1:    cheibrodos_orc_guarddog, layout_caves, serial_shops, shop,
          minmay_orc_temple_b
Orc:2:    grunt_orc_gardens, layout_caves, grunt_orc_garden, grunt_orc_garden,
          grunt_orc_garden, grunt_orc_garden, basic_altar, mines2_david

Skill      XL: |  1  2  3  4  5  6  7  8  9 10 11 12 13 |
---------------+----------------------------------------+-----
Axes           | 4 5 6 8 9 11 14 16 | 16.0
Fighting       | 6 10 12 | 12.3
Armour         | 4 8 9 |  9.1
Long Blades    | 10 15 17 | 17.3
Dodging        | |  2.1

Action                   |  1- 3 |  4- 6 |  7- 9 | 10-12 | 13-15 || total
-------------------------+-------+-------+-------+-------+-------++-------
Melee: Hand axe          |    86 |   140 |     2 |       |       ||   228
       Headbutt          |    11 |    19 |    32 |   108 |    17 ||   187
       Punch             |     2 |       |     4 |     6 |       ||    12
       War axe           |       |       |   206 |   362 |       ||   568
       Whip              |       |       |       |     8 |       ||     8
       Triple sword      |       |       |       |   121 |    88 ||   209
Invok: Berserk           |       |     4 |     5 |    16 |     2 ||    27
       Trog's Hand       |       |       |     1 |     2 |       ||     3
       Brothers in Arms  |       |       |       |     2 |       ||     2
  Use: Scroll            |       |     2 |     7 |     6 |       ||    15
       Potion            |       |       |     1 |       |       ||     1
 Stab: Sleeping          |     1 |       |       |       |       ||     1
Armor: Animal skin       |     9 |       |       |       |       ||     9
       Scale mail        |     2 |    64 |    62 |       |       ||   128
       Plate armour      |       |       |       |   249 |    35 ||   284
Dodge: Dodged            |    61 |    74 |    94 |   264 |    55 ||   548
Block: Other             |       |       |       |    91 |    26 ||   117
       Reflection        |       |       |       |    11 |     1 ||    12
